 Dungeon Crawl Stone Soup version 0.24.1-8-ga250c9d538 (webtiles) character file.

Game seed: 18319766447129788529, levelgen mode: deterministic

53 Hugehornet the Insei (level 3, -2/23 HPs)
             Began as an Octopode Transmuter on May 7, 2020.
             Slain by a goblin
             ... wielding a +2 antimagic dagger
             ... led by Robin
              (8 damage)
             ... on level 2 of the Dungeon.
             The game lasted 00:02:06 (1120 turns).

Hugehornet the Insei (Octopode Transmuter)          Turns: 1120, Time: 00:02:07

Health: -2/23      AC:  2    Str:  9    XL:     3   Next: 89%
Magic:  2/6        EV: 20    Int: 16    God:
Gold:   37         SH:  0    Dex: 17    Spells: 0/6 levels left

rFire    . . .     SeeInvis .     - Unarmed
rCold    . . .     Gourm    .   (shield currently unavailable)
rNeg     . . .     Faith    .   (helmet currently unavailable)
rPois    x         Spirit   .   (no amulet)
rElec    .         Reflect  .   (no ring)
rCorr    .         Harm     .   (no ring)
MR       .....                  (no ring)
Stlth    ++........             (no ring)
HPRegen  0.07/turn              (no ring)
MPRegen  0.10/turn              (no ring)
                                (no ring)
                                (no ring)

@: spider-form (expiring)
A: tiny, almost no armour, stealthy swim, (amphibious), 8 rings, (constrict 8)
a: End Transformation


You were on level 2 of the Dungeon.
You were very hungry.
You were a venomous arachnid creature.
You visited 1 branch of the dungeon, and saw 2 of its levels.

You collected 37 gold pieces.

Inventory:

Missiles
 a - 49 arrows
Scrolls
 e - a scroll of blinking {unknown}
 f - a scroll of random uselessness {unknown}
 g - a scroll of noise {unknown}
 h - a scroll of teleportation {unknown}
 i - a scroll of identify {unknown}
Potions
 b - a potion of degeneration {unknown}
 d - a potion of agility {unknown}
Comestibles
 c - 2 rations


   Skills:
 + Level 1.3 Fighting
 + Level 2.3 Dodging
 + Level 1.2 Stealth
 * Level 3.5 Unarmed Combat
 + Level 2.2 Spellcasting
 * Level 2.6 Transmutations
 * Level 0.7 Poison Magic


You couldn't memorise any spells.
You knew the following spells:

 Your Spells              Type           Power        Failure   Level  Hunger
a - Beastly Appendage     Tmut           ##....       19%         1    #......
b - Sticks to Snakes      Tmut           ##......     26%         2    ###....
c - Spider Form           Tmut/Pois      #.........   52%         3    ###....

Your spell library contained the following spells:

 Spells                   Type           Power        Failure   Level  Hunger
 Ice Form                 Ice/Tmut       #.......     89%         4    #####..
 Blade Hands              Tmut           ##........   97%         5    ######.


Dungeon Overview and Level Annotations

Branches:
Dungeon (2/15)

Altars:


Innate Abilities, Weirdness & Mutations

You cannot wear most types of armour.
You are very stealthy in the water. (Stealth+)
((You are amphibious.))
You can wear up to eight rings at the same time.
((You can use your tentacles to constrict eight enemies at once.))
((Your skin changes colour to match your surroundings (Stealth+).))
((Your rubbery body absorbs attacks. (AC +1, EV +1)))


Message History

Robin is moderately wounded.
A goblin comes into view. It is wielding a +0 club.
Robin throws the goblin at you!
* * * LOW HITPOINT WARNING * * *
You barely miss Robin.
Robin is heavily wounded.
Robin roars a battlecry!
The goblin goes into a battle-frenzy!
The goblin completely misses you.
You hear a shout!
You hit Robin.
Robin is severely wounded.
Your transformation is almost over.
You hear an angry hiss.
Robin barely misses you. The goblin closely misses you.
You barely miss Robin.
Robin is severely wounded.
You kill Robin!
The goblin hits you with a +2 antimagic dagger!
You die...

# # ♣ ♣ ♣
##############♣♣ ♣♣
###..............♣♣ ♣.
.)....gsg.........♣♣♣ ##
....#.#####..######.####
. .......PPP...))(.....
..$ <.....P♣P...##..###
... .###..P.....##...#
.. #.P♣♣PP..##.#.## .
#♣. ♣♣♣P.##.#.##
P♣♣P.P...#.#.##
♣♣P....#.#.##


You could see 2 goblins.

Vanquished Creatures
  Robin (D:2)
  A worm (D:2)
  A giant cockroach (D:1)
  12 goblins
  2 hobgoblins (D:1)
  6 bats (D:1)
  A frilled lizard (D:2)
  9 kobolds
  4 rats
37 creatures vanquished.

Notes
Turn   | Place    | Note
-------+----------+-------------------------------------------
     0 | D:1      | Hugehornet the Octopode Transmuter began the quest for the
                  | Orb.
     0 | D:1      | Reached XP level 1. HP: 13/13 MP: 3/3
   169 | D:1      | Reached XP level 2. HP: 13/18 MP: 3/5
   503 | D:1      | Learned a level 2 spell: Sticks to Snakes
   560 | D:1      | Reached skill level 1 in Stealth
   779 | D:2      | Reached XP level 3. HP: 17/23 MP: 4/6
   784 | D:2      | Learned a level 3 spell: Spider Form
   858 | D:2      | Noticed Robin
  1120 | D:2      | Killed Robin
  1120 | D:2      | Slain by a goblin

Levels and vault maps discovered:
D:1:      dpeg_arrival_pits, layout_basic, corexii_item_surrounded_by_moat
D:2:      minmay_inner_zag, layout_basic, fedhas_altar_2, serial_forest,
          infiniplex_forest_lined_3_way, infiniplex_forest_clump_large,
          infiniplex_forest_end_2, infiniplex_forest_lined_1,
          infiniplex_forest_straight_2, infiniplex_forest_clump_small,
          infiniplex_forest_lined_3_way, infiniplex_forest_clump_medium,
          infiniplex_forest_lined_3_way, uniq_terence, uniq_robin

Skill      XL: |  1  2 |
---------------+-------+-----
Stealth        | 1 |  1.2
Fighting       | |  1.3
Dodging        | |  2.3
Unarmed Combat | |  3.5
Spellcasting   | |  2.2
Transmutations | |  2.6
Poison Magic   | |  0.7

Action                   || total
-------------------------++-------
Melee: Unarmed           ||    76
       Constrict         ||    15
       Tentacles         ||     8
       Kick              ||     9
       Punch             ||     1
 Cast: Beastly Appendage ||    19
       Spider Form       ||     3
 Stab: Sleeping          ||     2
Armor: Skin              ||     6
Dodge: Dodged            ||    42
